 Dungeon Crawl Stone Soup version 0.24.1-14-gf8d2b509d9 (webtiles) character file.

Game seed: 5490232490778405268, levelgen mode: deterministic

26 ArchParadox the Shooter (level 3, -2/28 HPs)
             Began as a Human Hunter on Aug 21, 2020.
             Slain by a goblin (3 damage)
             ... on level 1 of the Dungeon.
             The game lasted 00:13:57 (1028 turns).

ArchParadox the Shooter (Human Hunter)              Turns: 1028, Time: 00:13:58

Health: -2/28      AC:  3    Str: 12    XL:     3   Next: 22%
Magic:  3/3        EV: 12    Int: 11    God:
Gold:   43         SH:  0    Dex: 14    Spells: 2/2 levels left

rFire    . . .     SeeInvis .   b - +0 short sword
rCold    . . .     Gourm    .   (no shield)
rNeg     . . .     Faith    .   c - +0 leather armour
rPois    .         Spirit   .   (no helmet)
rElec    .         Reflect  .   (no cloak)
rCorr    .         Harm     .   (no gloves)
MR       .....                  (no boots)
Stlth    ++........             (no amulet)
HPRegen  0.09/turn              (no ring)
MPRegen  0.08/turn              (no ring)

@: no status effects
A: no striking features
a: no special abilities


You were on level 1 of the Dungeon.
You were not hungry.

You visited 1 branch of the dungeon, and saw 2 of its levels.

You collected 43 gold pieces.

Inventory:

Hand Weapons
 a - a +1 shortbow
 b - a +0 short sword (weapon)
Missiles
 d - 11 arrows
 h - 8 boomerangs (quivered)
Armour
 c - a +0 leather armour (worn)
Scrolls
 e - 3 scrolls of teleportation {unknown}
 i - a scroll of identify
Potions
 j - a potion of cancellation
 l - a potion of agility {unknown}
Comestibles
 f - a ration


   Skills:
 + Level 2.3 Fighting
 + Level 0.9 Short Blades
 * Level 4.4 Bows
 - Level 2.0 Dodging
 - Level 1.5 Stealth


You had 2 spell levels left.
You didn't know any spells.
Your spell library was empty.

Dungeon Overview and Level Annotations

Branches:
Dungeon (2/15)

Altars:
Gozag
Trog

Annotations:
D:1 exclusion: downstairs
D:2 Robin, Sigmund, Terence


Message History

The goblin hits you with a +0 club. The goblin barely misses you.
Robin roars a battlecry!
The goblins go into a battle-frenzy!
The goblin misses you.
You climb upwards.
Level annotation: exclusion: downstairs
There is a stone staircase leading down here.
b - a +0 short sword (weapon)
You are too injured to fight recklessly!
As you read the scroll labeled TEUBBED SAUGG, it crumbles to dust.
It is a scroll of amnesia.
You feel forgetful for a moment. The goblin barely misses you.
The goblin misses you.
As you read the scroll labeled JEWEOR UTULEOTT, it crumbles to dust.
It is a scroll of identify.
j - a potion of cancellation The goblin hits you with a +0 dagger!
* * * LOW HITPOINT WARNING * * *
The goblin hits you.
You die...

#########...### ###.#####.#
.......#......## #.#####.#
######...####..######.##....#
#....#..## ##.##........####
#.......# #.##.#........####
........## ##g.....#(........#
...≈≈≈≈..####gg≈≈≈≈...##.#.##.#
..§§§≈≈≈......≈g≈≈≈≈.....#.##.#
..≈≈≈≈≈§......≈≈@g≈≈.....#.##.#
..≈≈≈§≈≈......≈≈≈≈≈≈....##.##.#
...≈≈§≈...##...≈≈≈≈...........#
.........####............#.####
#.......####.............#.#
....###..#...####.#...#..#.######
###.# ##...### #.##..#..#.......
....# ###### #.##..#..########
###########.# #....>#..........


You could see a hobgoblin and 4 goblins.

Vanquished Creatures
  2 dart slugs (D:1)
  A ball python (D:1)
  2 goblins (D:1)
  2 hobgoblins (D:1)
  3 kobolds (D:1)
  7 bats (D:1)
  3 frilled lizards
  3 rats (D:1)
23 creatures vanquished.

Notes
Turn   | Place    | Note
-------+----------+-------------------------------------------
     0 | D:1      | ArchParadox the Human Hunter began the quest for the Orb.
     0 | D:1      | Reached XP level 1. HP: 16/16 MP: 1/1
    40 | D:1      | Reached XP level 2. HP: 22/22 MP: 2/2
   551 | D:1      | Reached XP level 3. HP: 24/27 MP: 3/3
   936 | D:2      | Found an opulent altar of Gozag.
   966 | D:2      | Noticed Sigmund
   967 | D:2      | Noticed Terence
  1023 | D:2      | Found a bloodstained altar of Trog.
  1023 | D:2      | Noticed Robin
  1028 | D:1      | HP: 1/28 [goblin/+0 dagger[Robin] (8)]
  1028 | D:1      | Slain by a goblin

Levels and vault maps discovered:
D:1:      dpeg_arrival_pits, layout_basic, nrook_loot_triangle
D:2:      layout_loops_corners, nicolae_overflow_crystal_walls, bloody_trog,
          first_ration, uniq_terence, uniq_robin, uniq_sigmund,
          uniq_crazy_yiuf_cottage

Action                   || total
-------------------------++-------
Melee: Short sword       ||    25
 Fire: Shortbow          ||    43
Throw: Boomerang         ||     1
  Use: Scroll            ||     2
Armor: Leather armour    ||    14
Dodge: Dodged            ||    25
